 Dungeon Crawl Stone Soup version 0.30-a0-632-g346586fe48 (webtiles) character file.

Game seed: 5045482839579213206

74 Newt the Sneak (level 4, -2/35 HPs)
             Began as a Demonspawn Gladiator on Jan 13, 2023.
             Slain by an orc
             ... wielding a +0 flail
              (8 damage)
             ... on level 3 of the Dungeon.
             The game lasted 00:01:59 (2233 turns).

Newt the Sneak (Demonspawn Gladiator)               Turns: 2233, Time: 00:02:00

Health: -2/35      AC:  5    Str: 16    XL:     4   Next: 9%
Magic:  1/1        EV: 13    Int: 10    God:
Gold:   103        SH:  0    Dex: 20    Spells: 3/3 levels left

rFire   . . .      SeeInvis .    p - +0 mace (antimagic)
rCold   . . .      Faith    .    (no shield)
rNeg    . . .      Spirit   .    b - +0 leather armour
rPois   .          Reflect  .    c - +0 helmet
rElec   .          Harm     .    i - +0 cloak
rCorr   .          Rampage  .    (no gloves)
Will    +....                    (no boots)
Stlth   ++                       l - amulet of magic regeneration
HPRegen 0.25/turn                h - ring of willpower
MPRegen 0.54/turn                k - +6 ring of dexterity

@: no status effects
A: magic regeneration
a: no special abilities


You were on level 3 of the Dungeon.
You visited 1 branch of the dungeon, and saw 3 of its levels.

You collected 103 gold pieces.

Inventory:

Hand Weapons
 a - a +0 rapier
 p - a +0 antimagic mace (weapon)
Missiles
 d - 2 throwing nets (quivered)
 e - a javelin
Armour
 b - a +0 leather armour (worn)
 c - a +0 helmet (worn)
 i - a +0 cloak (worn)
Jewellery
 h - a ring of willpower (left hand)
 k - a +6 ring of dexterity (right hand)
 l - an amulet of magic regeneration (around neck)
Scrolls
 g - 4 scrolls of teleportation
 j - a scroll of amnesia
 n - 2 scrolls of identify
Potions
 f - a potion of lignification {unknown}
 m - a potion of magic {unknown}
 o - a potion of degeneration {unknown}


   Skills:
 + Level 3.0 Fighting
 - Level 2.6 Short Blades
 - Level 1.7 Throwing
 - Level 2.6 Dodging
 - Level 3.0 Stealth


You had 3 spell levels left.
You didn't know any spells.
Your spell library contained the following spells:

 Spells                   Type           Power      Damage    Failure   Level
 Summon Guardian Golem    Hex/Summ       0%         N/A       80%         3
 Orb of Destruction       Conj           0%         9d5       100%        7
 Spellforged Servitor     Conj/Summ      0%         N/A       100%        7


Dungeon Overview and Level Annotations

Branches:
Dungeon (3/15)

Altars:

Shops:
D:3 :


Innate Abilities, Weirdness & Mutations

You regenerate magic rapidly.


Message History

There is an open door here.
There is an open door here.
An orc priest comes into view. It is wielding a +0 war axe.
An orc priest is nearby!
Okay, then.
An orc comes into view. It is wielding a +0 flail.
There is an open door here.
An orc comes into view. It is wielding a +0 flail.
An orc comes into view. It is wielding a +0 war axe.
The orc priest shouts!
The orc shouts! x2
You hit the orc priest but do no damage.
The orc priest closely misses you.
The orc priest hits you but does no damage.
You hit the orc priest.
The orc priest is moderately wounded.
The orc priest hits you with a +0 war axe.
The orc hits you but does no damage.
You closely miss the orc priest.
The orc priest is moderately wounded.
The orc priest misses you. The orc barely misses you.
You hit the orc priest.
The orc priest is heavily wounded.
The orc priest hits you with a +0 war axe.
The orc misses you. The orc hits you with a +0 flail.
The orc hits you with a +0 war axe.
The orc priest hits you with a +0 war axe.
The orc completely misses you. The orc hits you with a +0 war axe.
The orc barely misses you.
You hit the orc priest but do no damage.
The orc priest is heavily wounded.
The orc priest miscasts a cantrip.
The orc hits you with a +0 flail. The orc closely misses you.
The orc hits you with a +0 war axe!
* * * LOW HITPOINT WARNING * * *
You hit the orc priest but do no damage.
The orc priest is heavily wounded.
The orc priest misses you. The orc closely misses you.
An orc comes into view. It is wielding a +0 flail.
The orc hits you with a +0 flail!
You die...

#...#.####........##. #...#.#
#...###..##. #.....# #...# #...#.
#####. #####....## #...# ##....
.#..... ..[......# #...# #.##.
......######.....### ##### #.##.
.......#####'#(†...# #.##.
#.##.#..........oo.# #.##.
#.##.#...o.....o@..# ######.##.
#.##.#..........o..#####......##.
#..................'..##.#######.
...∩...............##.##.........
#####..............##..'.........
....#'#............#####.........
..............#....# #.........
..............#....# #.........
..............#....# #.........


You could see an orc priest and 4 orcs.

Vanquished Creatures
  2 adders (D:3)
  3 worms
  An orc (D:3)
  4 ball pythons
  8 bats
  3 endoplasms
  3 giant cockroaches
  5 goblins
  3 hobgoblins
  3 quokkas
  A frilled lizard (D:2)
  3 kobolds
  5 rats
44 creatures vanquished.

Notes
Turn   | Place    | Note
-------+----------+-------------------------------------------
     0 | D:1      | Newt the Demonspawn Gladiator began the quest for the Orb.
     0 | D:1      | Reached XP level 1. HP: 16/16 MP: 1/1
    36 | D:1      | Reached skill level 1 in Stealth
    74 | D:1      | Gained mutation: You regenerate magic rapidly. [demonic
                  | ancestry]
    74 | D:1      | Reached XP level 2. HP: 22/22 MP: 2/2
   967 | D:2      | Reached XP level 3. HP: 27/27 MP: 3/3
  2135 | D:3      | Reached XP level 4. HP: 32/35 MP: 4/4
  2149 | D:3      | Found Voqoefua's Book Shop.
  2233 | D:3      | Slain by an orc

Illustrated notes

Levels and vault maps discovered:
D:1:      lightli_arrival_statuegarden, layout_basic, minmay_misc_feat_ornament
D:2:      minmay_wonky_spiral, layout_basic
D:3:      layout_basic, serial_shops, shop

Skill      XL: |  1  2  3 |
---------------+----------+-----
Stealth        | 1 2 3 |  3.0
Fighting       | 3 |  3.0
Short Blades   | |  2.6
Throwing       | |  1.7
Dodging        | |  2.6

Action                   |  1- 3 |  4- 6 || total
-------------------------+-------+-------++-------
Melee: Rapier            |   135 |       ||   135
       Mace              |       |    12 ||    12
Throw: Throwing net      |     4 |       ||     4
  Use: Scroll            |     3 |       ||     3
 Stab: Sleeping          |     7 |       ||     7
       Held in net/web   |     3 |       ||     3
Armor: Leather armour    |    37 |     5 ||    42
Dodge: Dodged            |    86 |    13 ||    99

Table legend: (Time is in decaauts)
 A = Elapsed time spent in this place.
 B = Non-inter-level travel time spent in this place.
 C = Inter-level travel time spent in this place.
 D = Time resting spent in this place.
 E = Time spent auto-exploring this place.
 F = Levels seen in this place.
 G = Mean time per level.
                   A        B        C        D        E       F      G
               +--------+--------+--------+--------+--------+-----+--------+
         Total |   2244 |   2194 |     50 |    419 |   1394 |   3 |  748.0 |
       Dungeon |   2244 |   2194 |     50 |    419 |   1394 |   3 |  748.0 |
               +--------+--------+--------+--------+--------+-----+--------+

Top non-repeatable levels by time:
     D:2: 826 daAuts
     D:1: 714 daAuts
     D:3: 703 daAuts
